 Dungeon Crawl Stone Soup version 0.29.0-4-gdea44cf6ec (webtiles) character file.

Game seed: 3477740472973422907

35 drpainis the Sneak (level 3, 0/19 HPs)
             Began as a Kobold Enchanter on Aug 27, 2022.
             Slain by an adder (2 damage)
             ... on level 2 of the Dungeon.
             The game lasted 00:01:16 (1438 turns).

drpainis the Sneak (Kobold Enchanter)               Turns: 1438, Time: 00:01:18

Health: 0/19       AC:  3    Str:  5    XL:     3   Next: 55%
Magic:  2/6        EV: 15    Int: 18    God:
Gold:   86         SH:  0    Dex: 15    Spells: 1/6 levels left

rFire   . . .      SeeInvis .   a - +1 dagger
rCold   . . .      Faith    .   (no shield)
rNeg    . . .      Spirit   .   b - +0 robe
rPois   .          Reflect  .   (no helmet)
rElec   .          Harm     .   (no cloak)
rCorr   .          Rampage  .   n - +0 pair of gloves
Will    .....                   (no boots)
Stlth   ++++......              (no amulet)
HPRegen 0.06/turn               (no ring)
MPRegen 0.10/turn               (no ring)

@: mighty, lethally poisoned (0 -> -4), invisible
A: small, no large weapons, nightstalker 3
a: no special abilities


You were on level 2 of the Dungeon.
You visited 1 branch of the dungeon, and saw 2 of its levels.

You collected 86 gold pieces.

Inventory:

Hand Weapons
 a - a +1 dagger (weapon)
Armour
 b - a +0 robe (worn)
 n - a +0 pair of gloves (worn)
Scrolls
 g - a scroll of amnesia {unknown}
 h - a scroll of identify {unknown}
 i - a scroll of summoning {unknown}
 l - a scroll of poison {unknown}
 m - a scroll of immolation {unknown}
Potions
 c - a potion of invisibility
 d - 3 potions of might
 e - a potion of heal wounds {unknown}
 f - a potion of mutation {unknown}
 j - a potion of haste {unknown}
 k - a potion of flight {unknown}


   Skills:
 + Level 0.2 Fighting
 + Level 2.0 Short Blades
 + Level 2.7 Dodging
 + Level 4.9 Stealth
 + Level 2.4 Spellcasting
 + Level 3.3 Hexes


You had one spell level left.
You knew the following spells:

 Your Spells              Type           Power      Damage    Failure   Level
a - Ensorcelled Hibernat  Hex/Ice        16%        N/A       13%         2
b - Confusing Touch       Hex            14%        N/A       14%         3

Your spell library contained the following spells:

 Spells                   Type           Power      Damage    Failure   Level
 Tukima's Dance           Hex            14%        N/A       14%         3
 Dazzling Flash           Conj/Hex       16%        N/A       26%         3


Dungeon Overview and Level Annotations

Branches:
Dungeon (2/15)

Altars:


Innate Abilities, Weirdness & Mutations

You are small and have problems with some larger weapons.
You are completely attuned to the shadows.


Message History

The adder is moderately wounded.
The adder bites you but does no damage.
You closely miss the adder. Your punch misses the adder.
The adder is moderately wounded.
The adder barely misses you.
You miss the adder.
The adder is moderately wounded.
The adder closely misses you.
You barely miss the adder.
The adder is moderately wounded.
The adder closely misses you. The adder bites you.
You miss the adder.
The adder is moderately wounded.
The adder bites you but does no damage.
You barely miss the adder.
The adder is moderately wounded.
The adder barely misses you.
You hit the adder.
The adder is severely wounded.
The adder bites you but does no damage.
You hit the adder.
The adder is almost dead.
The adder bites you.
You are lethally poisoned!
The adder poisons you!
You miss the adder.
The adder is almost dead.
You feel sick. The adder bites you.
* * * LOW HITPOINT WARNING * * *
You fade into invisibility!
* * * LOW HITPOINT WARNING * * *
You feel sick. The adder barely misses you. The adder misses you.
The hobgoblin shouts!
It was a potion of might.
You feel very mighty all of a sudden.
* * * LOW HITPOINT WARNING * * *
You feel sick.
The hobgoblin shouts!
The hobgoblin barely misses you. The adder bites you.
You die...

####..###
..........#
##....###.#.#
#####.#.####.#.#
#........##....##
#........#.......
#........#......#
..........g.....#
.........#.@.#..#
.........#.S.#..#
.........#...#...
.....#..........#
.###.....#.......
....†##..# ......
..# .....## ##
!.....


You could see an adder (unable to see you) and a hobgoblin (unable to see you).

Vanquished Creatures
  A dart slug (D:1)
  7 ball pythons
  4 endoplasms (D:1)
  2 giant cockroaches (D:1)
  4 goblins (D:1)
  2 hobgoblins
  A quokka (D:1)
  2 bats
  2 frilled lizards (D:1)
  3 kobolds
  2 rats (D:1)
30 creatures vanquished.

Notes
Turn   | Place    | Note
-------+----------+-------------------------------------------
     0 | D:1      | drpainis the Kobold Enchanter began the quest for the Orb.
     0 | D:1      | Reached XP level 1. HP: 10/10 MP: 3/3
   182 | D:1      | Reached XP level 2. HP: 15/15 MP: 5/5
   960 | D:1      | Reached XP level 3. HP: 19/19 MP: 6/6
   973 | D:1      | Learned a level 2 spell: Ensorcelled Hibernation
   977 | D:1      | Learned a level 3 spell: Confusing Touch
  1438 | D:2      | Slain by an adder

Illustrated notes

Levels and vault maps discovered:
D:1:      dpeg_arrival_chambers_temple_mockup, layout_basic
D:2:      layout_loops_ring, basic_altar

Skill      XL: |  1  2  3 |
---------------+----------+-----
Short Blades   | 2 |  2.0
Fighting       | |  0.2
Dodging        | |  2.7
Stealth        | |  4.9
Spellcasting   | |  2.4
Hexes          | |  3.3

Action                   || total
-------------------------++-------
Melee: Dagger            ||    70
       Punch             ||     3
 Cast: Ensorcelled Hiber ||     5
  Use: Potion            ||     2
 Stab: Sleeping          ||    19
Armor: Robe              ||    10
Dodge: Dodged            ||    45
